cohdb
Replays
Latest Replays
All Replays
Popular Replays
Top Player Replays
Match Explorer
How It Works
Community
CoH3 Stats
Reddit
Sign in to upload your games and track your stats! →
Sign in with Steam
Match 44346432
Unlisted
Match 44346432
Overview
Messages
Build Orders
End
Kradschützen Motorcycle Team
250 Light Carrier
Panzerpioneer Squad
Construct Light Support Kompanie
Assault Grenadier Squad
Assault Grenadier Squad
Fire Support Elements
Assault Mechanized Group
Combat Half-tracks
Flakvierling Half-track
Vehicle Survival Package
Construct Panzerarmee Kommand
Assault Mechanized Group
Selects Armored Support Battlegroup
Selects Superior Fire Drills
Selects Flammpanzer III Medium Tank
Flammpanzer III Medium Tank
Emergency Repair Kits
Flammpanzer III Medium Tank
Armored Reserves
Selects Salvage Kits
Selects Panzer Storm
Panzer IV Assault Group
hoshot
헤네시스택시기사
Anticafe
BlueSkidrow™
0
0
Comments
sign in to comment!
No comments posted yet!